 Dungeon Crawl Stone Soup version 0.20.1-1-g8b1a95d (webtiles) character file.

10519 Chifra the Destroyer (level 11, -3/95 HPs)
             Began as a Red Draconian Conjurer on July 3, 2017.
             Was a Priest of Vehumet.
             Slain by an orc warrior
             ... wielding a +0 short sword
             ... led by an orc knight
              (14 damage)
             ... on level 10 of the Dungeon.
             The game lasted 00:50:16 (12250 turns).

Chifra the Destroyer (Red Draconian Conjurer)      Turns: 12250, Time: 00:50:17

Health: -3/95      AC: 12    Str: 11    XL:     11   Next: 37%
Magic:  17/22      EV: 16    Int: 18    God:    Vehumet [***...]
Gold:   544        SH:  0    Dex: 12    Spells: 12/25 levels left

rFire    + . .     SeeInvis .   o - +6 trident (freeze)
rCold    . . .     Gourm    .   (no shield)
rNeg     + . .     Faith    .   (armour unavailable)
rPois    .         Spirit   .   (helmet restricted)
rElec    .         Reflect  .   n - +0 cloak
rCorr    .         Harm     .   G - +0 pair of gloves
MR       +....                  h - +2 pair of boots
Stlth    ++........             e - amulet of regeneration
Regen    0.7/turn               C - ring of protection from magic
MPRegen  0.2/turn               i - ring of positive energy

@: about to teleport, short of breath
A: breathe fire, unfitting armour, fire resistance 1, cold-blooded, AC +7
a: Breathe Fire, Renounce Religion


You were on level 10 of the Dungeon.
You worshipped Vehumet.
Vehumet was most pleased with you.
You were full.

You visited 3 branches of the dungeon, and saw 13 of its levels.
You also visited: Ossuary.

You collected 544 gold pieces.

Inventory:

Hand Weapons
 g - a +1 halberd of chopping
 m - a +0 dagger of draining
 o - a +6 trident of freezing (weapon)
Armour
 h - a +2 pair of boots (worn)
 n - a +0 cloak (worn)
 G - a +0 pair of gloves (worn)
Magical Staves
 t - an uncursed staff of energy
Jewellery
 e - an amulet of regeneration (around neck)
 i - a ring of positive energy (right hand)
 k - an uncursed ring of flight
 y - an uncursed ring of fire
 C - a ring of protection from magic (left hand)
Wands
 s - a wand of iceblast (12/15)
 v - a wand of digging (8/24)
Scrolls
 c - a scroll of identify
 j - 5 scrolls of remove curse
 q - 2 scrolls of recharging
 r - 2 scrolls of teleportation
 u - 2 scrolls of blinking
 z - 2 scrolls of enchant weapon
 D - a scroll of fear
 E - a scroll of magic mapping
 H - 2 scrolls of amnesia
Potions
 d - 4 potions of agility
 f - 2 potions of haste
 l - 5 potions of curing
 p - a potion of lignification
 w - 3 potions of flight
 x - a potion of ambrosia
 A - 2 potions of resistance
 I - a potion of berserk rage
 K - a potion of might
Books
 a - a book of Conjurations

   Spells                             Type                      Level
   a - Magic Dart                     Conjuration                  1
   b - Searing Ray                    Conjuration                  2
   c - Dazzling Spray                 Conjuration/Hexes            3
   d - Fulminant Prism                Conjuration/Hexes            4
   e - Force Lance                    Conjuration/Translocation    4
   f - Iskenderun's Mystic Blast      Conjuration                  4
Comestibles
 b - 7 bread rations
 B - 5 chunks of flesh
 J - a royal jelly


   Skills:
 + Level 8.8 Fighting
 + Level 7.6 Polearms
 + Level 7.8 Dodging
 - Level 2.1 Stealth
 + Level 7.9 Spellcasting
 + Level 8.9 Conjurations
 + Level 1.7 Fire Magic


You had 12 spell levels left.
You knew the following spells:

 Your Spells              Type           Power        Failure   Level  Hunger
a - Magic Dart            Conj           ####         1%          1    None
b - Searing Ray           Conj           #####.       1%          2    None
c - Dazzling Spray        Conj/Hex       ###...       1%          3    #......
d - Iskenderun's Mystic   Conj           #####...     1%          4    ###....
e - Inner Flame           Hex/Fire       ##......     5%          3    #......


Dungeon Overview and Level Annotations

Branches:
Dungeon (11/15)            Temple (1/1) D:6            Lair (0/6) D:8
    Orc (1/2) D:10

Altars:
Ashenzari
Cheibriados
Dithmenos
Elyvilon
Fedhas
Gozag
Hepliaklqana
Kikubaaqudgha
Makhleb
Nemelex Xobeh
Okawaru
Qazlal
Ru
Sif Muna
Trog
Uskayaw
Vehumet
Xom
Yredelemnul
Zin
The Shining One

Annotations:
D:9 smzp's ghost, novice TrMo


Innate Abilities, Weirdness & Mutations

You can breathe blasts of fire.
Your fiery red scales are hard. (AC +7)
You cannot fit into any form of body armour.
Your flesh is heat resistant. (rF+)
You are cold-blooded and may be slowed by cold attacks.


Message History

Aim: an orc warrior, wielding a short sword and wearing a chain mail The spray of energy hits the orc warrior.
The orc warrior is lightly wounded.
The orc warrior is dazzled.
The orc warrior closely misses you.
You hit the orc warrior. You freeze the orc warrior.
The orc warrior is moderately wounded.
The orc warrior hits you with a short sword.
* * * LOW HITPOINT WARNING * * *
You hit the orc warrior but do no damage.
Your tail-slap misses the orc warrior.
The orc warrior is moderately wounded.
You hit the orc warrior. You freeze the orc warrior.
The orc warrior is heavily wounded.
The orc warrior hits you with a short sword!
* * * LOW HITPOINT WARNING * * *
Okay, then.
As you read the scroll of teleportation, it crumbles to dust.
You feel strangely unstable.
The orc warrior hits you with a short sword!
You die...

....#..##.##.######....###......#
...........#........>.....[.....'
##.....##.##..##§.[.............#
##......###...................###
..............................+..
##........###.##$###..........###
###....#### #.##[# ####[####### #
.........# #.##o# #.# #
.........# #.##@# #.#########
.........# #.##.# #.#........
...≈.....####.##.# #.#........
≈..≈....<'....##.# #.#.§.§#...
..≈≈.....#######.# #...#§§##..
≈≈≈≈..........##.# #...§§§§§..
≈≈≈..........(##.# #.#.§#.§#..
≈.≈≈.#........##.######....#.#...
≈≈≈≈........)........####.......>


You could see an orc warrior (blind).

Vanquished Creatures
  2 two-headed ogres (D:8)
  An orc knight (D:10)
  Joseph (D:10)
  3 trolls
  A hornet (D:10)
  A polar bear (D:10)
  2 hippogriffs
  Sigmund (D:4)
  A wyvern (D:8)
  Eustachio (D:6)
  A yak (D:10)
  A spriggan (D:7)
  A hungry ghost (D:8)
  6 wargs (D:10)
  A sky beast (D:8)
  A hornet zombie (D:9)
  4 ice beasts
  6 orc warriors
  A swamp drake (D:8)
  2 black bears (D:8)
  4 phantoms
  3 ogres
  7 centaurs
  3 crocodiles
  2 big kobolds (D:10)
  6 bullfrogs
  3 scorpions
  A killer bee (D:8)
  4 wights (D:10)
  3 howler monkeys
  4 electric eels (D:10)
  5 centaur zombies
  5 crimson imps
  A wyvern simulacrum (D:10)
  A quasit (D:8)
  A bullfrog zombie (D:6)
  2 orc priests
  2 bullfrog skeletons
  2 centaur skeletons
  4 hounds
  2 jellies
  5 orc wizards
  An iguana (D:8)
  Ijyb (D:4)
  5 worker ants
  2 big kobold zombies (Ossuary)
  An ogre zombie (Ossuary)
  A bullfrog simulacrum (D:10)
  4 hound zombies
  7 mummies (Ossuary)
  2 worker ant zombies
  15 gnolls
  A howler monkey skeleton (D:8)
  11 adders
  A white imp (D:10)
  2 oozes
  4 adder zombies
  An adder skeleton (D:5)
  3 worms
  A dart slug (D:2)
  2 leopard geckos
  27 orcs
  2 ball pythons
  5 giant cockroaches
  2 gnoll zombies (Ossuary)
  10 goblins
  8 hobgoblins
  4 jackals
  19 kobolds
  2 quokkas
  6 bats
  2 frilled lizards
  5 goblin zombies (Ossuary)
  4 hobgoblin zombies (Ossuary)
  5 kobold zombies (Ossuary)
  A leopard gecko zombie (D:5)
  3 quokka zombies
  5 rats
  2 rat zombies (Ossuary)
285 creatures vanquished.

Vanquished Creatures (others)
  A gnoll (D:11)
  An ufetubus (D:10)
  A jackal (D:6)
3 creatures vanquished.

Grand Total: 288 creatures vanquished

Notes
Turn   | Place    | Note
-------+----------+-------------------------------------------
     0 | D:1      | Chifra the Draconian Conjurer began the quest for the Orb.
     0 | D:1      | Reached XP level 1. HP: 14/14 MP: 3/3
   665 | D:2      | Reached XP level 2. HP: 22/22 MP: 1/5
   672 | D:2      | Learned a level 2 spell: Searing Ray
   772 | D:2      | Reached skill level 1 in Fighting
   819 | D:1      | Reached XP level 3. HP: 18/28 MP: 1/6
  1216 | D:2      | Reached XP level 4. HP: 36/36 MP: 7/7
  1651 | D:2      | Learned a level 3 spell: Dazzling Spray
  2376 | D:3      | Reached XP level 5. HP: 39/42 MP: 2/9
  2600 | D:3      | Learned a level 4 spell: Iskenderun's Mystic Blast
  2689 | D:3      | Found a shimmering altar of Xom.
  3258 | D:4      | Reached skill level 1 in Polearms
  3258 | D:4      | Reached XP level 6. HP: 22/50 MP: 1/11
  3431 | D:4      | Reached skill level 5 in Conjurations
  3462 | D:4      | Noticed Sigmund
  3594 | D:4      | Found a sand-covered staircase.
  3599 | Ossuary  | Entered an ossuary
  3980 | Ossuary  | Your scales start taking on a fiery red colour.
  3980 | Ossuary  | Reached XP level 7. HP: 51/57 MP: 8/12
  3980 | Ossuary  | Gained mutation: Your flesh is heat resistant. (rF+) [Red Draconian growth]
  4447 | D:4      | Noticed Ijyb
  4463 | D:4      | Killed Ijyb
  5042 | D:4      | Killed Sigmund
  5230 | D:5      | Entered Level 5 of the Dungeon
  5295 | D:5      | Found a bloodstained altar of Trog.
  5496 | D:5      | Found a white marble altar of Elyvilon.
  5553 | D:5      | Found a basalt altar of Yredelemnul.
  5609 | D:5      | Reached XP level 8. HP: 66/67 MP: 14/14
  5939 | D:6      | Noticed Eustachio
  5960 | D:6      | Killed Eustachio
  5960 | D:6      | Reached skill level 5 in Fighting
  6054 | D:6      | Found a staircase to the Ecumenical Temple.
  6063 | Temple   | Entered the Ecumenical Temple
  6156 | Temple   | Became a worshipper of Vehumet
  6230 | D:6      | Reached skill level 5 in Spellcasting
  6396 | D:6      | Found a blossoming altar of Fedhas.
  6399 | D:6      | Found a stormy altar of Qazlal.
  6420 | D:6      | Found a shadowy altar of Dithmenos.
  6680 | D:7      | Reached skill level 5 in Dodging
  6834 | D:7      | Reached XP level 9. HP: 75/75 MP: 17/17
  7344 | D:7      | Reached * piety under Vehumet
  7344 | D:7      | Offered knowledge of Shock by Vehumet.
  7955 | D:8      | Reached skill level 5 in Polearms
  7976 | D:8      | Noticed a two-headed ogre
  8017 | D:8      | Killed a two-headed ogre
  8089 | D:8      | Found a glowing golden altar of the Shining One.
  8281 | D:8      | Reached XP level 10. HP: 84/84 MP: 19/19
  8470 | D:8      | Noticed a two-headed ogre
  8506 | D:8      | Killed a two-headed ogre
  8622 | D:8      | Found a staircase to the Lair.
  8809 | D:8      | Reached ** piety under Vehumet
  8809 | D:8      | Offered knowledge of Sandblast by Vehumet.
  8898 | D:9      | Noticed smzp's ghost (novice TrMo)
  9328 | D:9      | Found a burning altar of Makhleb.
 10167 | D:10     | Entered Level 10 of the Dungeon
 10323 | D:10     | Noticed Joseph
 10360 | D:10     | Killed Joseph
 10374 | D:10     | Offered knowledge of Mephitic Cloud by Vehumet.
 10657 | D:10     | Reached XP level 11. HP: 54/95 MP: 22/22
 10825 | D:10     | Reached *** piety under Vehumet
 11043 | D:10     | Found a staircase to the Orcish Mines.
 11079 | D:10     | Offered knowledge of Inner Flame by Vehumet.
 11131 | D:10     | Learned a level 3 spell: Inner Flame
 11703 | Orc:1    | Entered Level 1 of the Orcish Mines
 11787 | Orc:1    | Noticed an orc knight
 12074 | D:10     | Reached skill level 1 in Fire Magic
 12203 | D:10     | Killed an orc knight
 12250 | D:10     | Slain by an orc warrior

Skill      XL: |  1  2  3  4  5  6  7  8  9 10 11 |
---------------+----------------------------------+-----
Dodging        | 2 3 4 5 6 7 |  7.8
Fighting       | 1 2 3 4 5 6 8 |  8.8
Stealth        | 2 |  2.1
Spellcasting   | 3 4 5 6 7 |  7.9
Polearms       | 1 2 4 5 7 |  7.6
Conjurations   | 5 6 7 8 |  8.9
Fire Magic     | 1 |  1.7

Action                   |  1- 3 |  4- 6 |  7- 9 | 10-12 || total
-------------------------+-------+-------+-------+-------++-------
Melee: Dagger            |    42 |    28 |       |       ||    70
       Unarmed           |    12 |       |       |       ||    12
       Tailslap          |     4 |    11 |    37 |    44 ||    96
       Halberd           |       |   103 |    96 |       ||   199
       Trident           |       |       |   285 |   431 ||   716
 Cast: Magic Dart        |    12 |    15 |     7 |       ||    34
       Searing Ray       |     5 |    18 |     7 |     5 ||    35
       Dazzling Spray    |       |     3 |     4 |    13 ||    20
       Iskenderun's Myst |       |       |    16 |    16 ||    32
       Inner Flame       |       |       |       |     2 ||     2
 Abil: Breathe Fire      |       |       |     4 |    11 ||    15
  Use: Scroll            |     2 |    11 |    14 |     7 ||    34
       Potion            |       |       |     1 |     1 ||     2
 Stab: Sleeping          |     2 |     8 |     8 |     3 ||    21
       Invisible         |       |       |     1 |     2 ||     3
  Eat: Chunk             |     1 |     8 |    11 |    11 ||    31
       Bread ration      |       |     1 |     1 |       ||     2
       Fruit             |       |       |     1 |       ||     1
       Meat ration       |       |       |       |     3 ||     3
Armor: Skin              |    15 |    80 |   197 |   175 ||   467
Dodge: Dodged            |    44 |   106 |   325 |   377 ||   852
